 Dungeon Crawl Stone Soup version 0.16-a0-223-g37887f7 (webtiles) character file.

18 MRaven the Slasher (level 2, -1/24 HPs)
             Began as a Demonspawn Chaos Knight on Aug 19, 2014.
             Was a Plaything of Xom.
             Slain by a quasit (2 damage)
             ... summoned by Xom
             ... on Level 1 of the Dungeon.
             The game lasted 00:04:24 (1519 turns).

MRaven the Slasher (Demonspawn Chaos Knight)        Turns: 1519, Time: 00:04:24

HP  -1/24        AC  3     Str 11 (12) XL: 2   Next: 51%
MP   2/2         EV 10     Int 13      God: Xom
Gold 58          SH  0     Dex  8 (12) Spells:  0 memorised,  1 level left

rFire  . . .     SeeInvis .     i - -2 dagger (curse)
rCold  . . .     Clarity  .     b - +2 leather armour
rNeg   . . .     rCorr    .     (no shield)
rPois  .         rRot     .     (no helmet)
rElec  .         Spirit   .     (no cloak)
SustAb .         Warding  .     (no gloves)
rMut   .         Stasis   .     (no boots)
Gourm  +                        e - amulet of the gourmand
MR     .....                    (no ring)
                                g - cursed ring of loudness

@: not resistant to hostile enchantments, extremely unstealthy
A: talons 1, deformed body, deterioration 1
a: Renounce Religion


You were on level 1 of the Dungeon.
You worshipped Xom.
You were a special plaything of Xom.
You were not hungry.

You visited 1 branch of the dungeon, and saw 1 of its levels.

You collected 58 gold pieces.

Inventory:

Hand weapons
 a - a +0 falchion of chaos
 i - a cursed -2 dagger (weapon)
Armour
 b - a +2 leather armour (worn)
Comestibles
 c - a bread ration
 f - 2 beef jerkies
 h - a meat ration
Scrolls
 d - a scroll of identify
Jewellery
 e - an amulet of the gourmand (around neck)
 g - a cursed ring of loudness (left hand)


   Skills:
 + Level 3.2 Fighting
 * Level 3.3 Long Blades
 - Level 1.7 Armour
 + Level 0.8 Dodging


You had one spell level left.
You didn't know any spells.

Dungeon Overview and Level Annotations

Branches:
Dungeon (1/15)

Altars:


Innate Abilities, Weirdness & Mutations

You have sharp toenails.
Armour fits poorly on your strangely shaped body.
Your body is slowly deteriorating.


Message History

The quasit claws you but does no damage.
Unknown command.
You hit the quasit but do no damage.
The quasit is moderately wounded.
The quasit barely misses you.
The quasit claws you but does no damage.
The quasit claws you.
* * * LOW HITPOINT WARNING * * *
You feel clumsy.
You barely miss the quasit. Your kick misses the quasit.
The quasit is moderately wounded.
The quasit bites you but does no damage.
The quasit closely misses you. The quasit completely misses you.
You barely miss the quasit.
The quasit is moderately wounded.
The quasit misses you.
The quasit claws you but does no damage.
The quasit barely misses you. The quasit bites you.
You die... "Huh?
Did I miss anything?"

#..#.# #........# #
##....###..>......####
#.......'.........'...
##....###.....)...####
#..#.# #........# #
#.##.###.#.....#
#........##...#
####5##### #'# #@# #.#
#.#######.########
#.................
########...######.
#.....# #. ##...## #.
##..######. #.........
#.........


You could see a quasit.

Vanquished Creatures
  An ufetubus (D:1)
  2 giant geckos (D:1)
  3 bats (D:1)
  6 goblins (D:1)
  3 kobolds (D:1)
  A rat (D:1)
16 creatures vanquished.

Notes
Turn   | Place    | Note
--------------------------------------------------------------
     0 | D:1      | MRaven, the Demonspawn Chaos Knight, began the quest for the Orb.
     0 | D:1      | Reached XP level 1. HP: 18/18 MP: 1/1
   144 | D:1      | XOM: silly message
   367 | D:1      | XOM: potion effect (might)
   393 | D:1      | XOM: divination: magic mapping
   535 | D:1      | XOM: divination: detect items
   709 | D:1      | XOM: god gift: weird jewelled rod {god gift}
   747 | D:1      | XOM: severe Ice miscast
   752 | D:1      | Gained mutation: You have sharp toenails. [demonic ancestry]
   752 | D:1      | Reached XP level 2. HP: 6/24 MP: 2/2
   971 | D:1      | XOM: mild Necr miscast
  1063 | D:1      | XOM: harmless Hex miscast
  1109 | D:1      | XOM: summons 1 hostile demon
  1233 | D:1      | XOM: give mutations
  1233 | D:1      | Gained mutation: Your body is slowly deteriorating. [Xom's mischief]
  1233 | D:1      | Gained mutation: Armour fits poorly on your strangely shaped body. [Xom's mischief]
  1488 | D:1      | XOM: summons 1 hostile demon
  1517 | D:1      | HP: 1/24 [quasit[Xom] (1)]
  1519 | D:1      | Slain by a quasit

Action                   || total
-------------------------++-------
Melee: Dagger            ||    68
       Falchion          ||    10
  Use: Scroll            ||     3
       Potion            ||     1
  Eat: Chunk             ||     4
